 Dungeon Crawl Stone Soup version 0.25-a0-589-g1e14c549ee (webtiles) character file.

Game seed: 16046261540117916886, levelgen mode: deterministic

3661 Kohma the Geomancer (level 10, -2/61 HPs)
             Began as a Gargoyle Earth Elementalist on Mar 11, 2020.
             Was a Believer of Ashenzari.
             Slain by a mummy (14 damage)
             ... in an ossuary.
             The game lasted 00:24:31 (8391 turns).

Kohma the Geomancer (Gargoyle Earth Elementalist)   Turns: 8391, Time: 00:24:32

Health: -2/61      AC: 14    Str: 12    XL:     10   Next: 12%
Magic:  0/25       EV: 12    Int: 19    God:    Ashenzari [**....]
Gold:   84         SH:  0    Dex: 10    Spells: 2/17 levels left

rFire    + . .     SeeInvis .   q - +5 mace of Valour {venom, *Drain rPois MR+}
rCold    + . .     Gourm    .   (no shield)
rNeg     + . .     Faith    .   B - +1 leather armour {rF+} (curse)
rPois    ∞         Spirit   .   A - +0 helmet
rElec    +         Reflect  .   u - +0 cloak
rCorr    .         Harm     .   p - +0 pair of gloves
MR       +....                  (no boots)
Stlth    ++........             (no amulet)
HPRegen  0.20/turn              g - ring of protection from cold
MPRegen  0.19/turn              r - ring of magical power

@: very slightly contaminated
A: negative energy resistance 1, electricity resistance, unbreathing,
petrification resistance, rot immunity, AC +7
a: Curse Item, Scrying, Renounce Religion


You were in an ossuary.
You worshipped Ashenzari.
Ashenzari was pleased with you.
You were very hungry.

You visited 1 branch of the dungeon, and saw 8 of its levels.
You also visited: Ossuary.

You collected 370 gold pieces.
You spent 286 gold pieces at shops.

Inventory:

Hand Weapons
 f - a +1 dagger
 q - the +5 mace of Valour (weapon) {venom, *Drain rPois MR+}
   (You found it on level 6 of the Dungeon)

   It poisons the flesh of those it strikes.
   It protects you from poison.
   It affects your resistance to hostile enchantments.
   It causes draining when unequipped.
 C - a +4 short sword of venom
Missiles
 b - 135 stones
 i - 9 curare-tipped darts (quivered)
 s - 21 poisoned darts
 w - 50 bolts
Armour
 c - a +1 robe
 o - a +3 ring mail of poison resistance
 p - a +0 pair of gloves (worn)
 u - a +0 cloak (worn)
 A - a +0 helmet (worn)
 B - a cursed +1 leather armour of fire resistance (worn)
 J - a +0 kite shield
Jewellery
 a - a +5 ring of dexterity
 g - a ring of protection from cold (left hand)
 r - a ring of magical power (right hand)
 z - an uncursed ring of flight
 M - an uncursed amulet of harm
 N - an uncursed ring of wizardry
Wands
 l - a wand of flame (22)
 D - a wand of disintegration (12)
 L - a wand of acid (18)
Scrolls
 h - 6 scrolls of enchant armour
 y - a scroll of amnesia
 E - a scroll of brand weapon
 F - 2 scrolls of teleportation
 G - a scroll of enchant weapon
 I - a scroll of blinking
Potions
 e - 2 potions of resistance
 j - a potion of magic
 k - 2 potions of cancellation
 m - 3 potions of stabbing
 n - 2 potions of curing
 t - a potion of might {unknown}
 x - 2 potions of haste {unknown}
 H - a potion of ambrosia {unknown}
 P - a potion of invisibility {unknown}
Comestibles
 d - 10 rations
 K - 5 chunks of flesh


   Skills:
 - Level 6.3 Fighting
 - Level 3.2 Dodging
 - Level 2.1 Stealth
 * Level 6.3 Shields
 - Level 4.0 Spellcasting
 - Level 3.0 Conjurations
 - Level 4.0 Transmutations
 - Level 10.6 Earth Magic


You had 2 spell levels left.
You knew the following spells:

 Your Spells              Type           Power        Failure   Level  Hunger
a - Sandblast             Erth           #####.       1%          1    None
b - Passwall              Tmut/Erth      ####....     1%          2    ##.....
c - Stone Arrow           Conj/Erth      ####..       3%          3    ###....
d - Lee's Rapid Deconstr  Erth           #####.....   6%          5    ######.
e - Petrify               Tmut/Erth      ####....     9%          4    ####...

Your spell library contained the following spells:

 Spells                   Type           Power        Failure   Level  Hunger
 Magic Dart               Conj           ###.         4%          1    None
 Foxfire                  Conj/Fire      #...         10%         1    None
 Animate Skeleton         Necr           N/A          17%         1    None
 Apportation              Tloc           #.....       17%         1    None
 Corona                   Hex            #......      17%         1    None
 Summon Small Mammal      Summ           #...         17%         1    None
 Blink                    Tloc           N/A          26%         2    ##.....
 Call Imp                 Summ           #.......     26%         2    ##.....
 Slow                     Hex            #.......     26%         2    ##.....
 Conjure Flame            Conj/Fire      #.......     28%         3    ###....
 Mephitic Cloud           Conj/Pois/Air  #.......     34%         3    ###....
 Inner Flame              Hex/Fire       #.......     45%         3    ###....
 Sticky Flame             Conj/Fire      #.......     67%         4    ####...
 Fireball                 Conj/Fire      #.........   95%         5    ######.


Dungeon Overview and Level Annotations

Branches:
Dungeon (8/15)             Temple (0/1) D:6         Ossuary (1/1)
   Lair: D:8-11

Altars:
Ashenzari
Okawaru
Ru
Vehumet
Wu Jian
Zin
The Shining One

Shops:
D:5 *   D:7 %}%(


Innate Abilities, Weirdness & Mutations

You are resistant to torment.
Your stone body is resilient. (AC +7)
You are immune to poison.
You resist negative energy. (rN+)
You are resistant to electric shocks. (rElec)
You can survive without breathing.
You are immune to petrification.
You are immune to rotting.


Message History

Confirm with . or Enter, or press ? or * to list all spells.
You don't have enough magic to cast that spell.
You sock the mummy!
The mummy is almost destroyed.
The mummy hits you but does no damage. The mummy hits you.
You barely miss the mummy.
The mummy is almost destroyed.
The mummy hits you!
* * * LOW HITPOINT WARNING * * *
The mummy hits you but does no damage.
Casting: Sandblast (safe; 1% risk of failure)
Confirm with . or Enter, or press ? or * to list all spells.
Aiming: Sandblast (safe; 1% risk of failure)
Press: ? - help, Shift-Dir - straight line, f/p - mummy
Aim: a mummy (severely damaged)
The blast of sand hits the mummy!
You destroy the mummy!
b - 135 stones The mummy hits you!
You die...

#....#*
, * * ,,
#....#,
,,,
#....#,
, ,
#.M..#,,
,,
#....# ,
* ,
,,#....#
* ,
*#....#
, ,
#....#
,, , ,,
*#@M∩.#
, ######
* **


You could see 2 mummies.

Vanquished Creatures
  A two-headed ogre (D:8)
  Pikel (D:6)
  Sigmund (D:2)
  A porcupine (D:8)
  An orc warrior (D:6)
  3 ice beasts
  2 sky beasts
  A phantom (D:5)
  2 ogres
  A crocodile (D:8)
  3 bullfrogs
  A howler monkey (D:3)
  3 crimson imps (D:5)
  3 jellies
  Crazy Yiuf (D:6)
  4 orc priests
  4 hounds
  Jessica (D:2)
  2 centaur skeletons
  An iguana (D:6)
  4 orc wizards
  Terence (D:2)
  4 worker ants
  A hound zombie (D:5)
  6 mummies (Ossuary)
  A worker ant zombie (D:6)
  7 gnolls
  A howler monkey skeleton (D:4)
  3 adders
  3 shadow imps
  An ooze (D:4)
  2 adder skeletons
  3 worms
  2 dart slugs
  6 leopard geckos
  25 orcs
  9 giant cockroaches
  12 goblins
  7 hobgoblins
  A jackal (D:1)
  10 kobolds
  4 quokkas
  4 ball pythons
  3 bats
  3 frilled lizards
  3 gnoll zombies (Ossuary)
  2 kobold zombies (Ossuary)
  A leopard gecko skeleton (D:8)
  An orc zombie (Ossuary)
  6 rats
173 creatures vanquished.

Vanquished Creatures (others)
  A slave (D:6)
  18 fungi (D:8)
  5 plants (D:8)
24 creatures vanquished.

Grand Total: 197 creatures vanquished

Notes
Turn   | Place    | Note
-------+----------+-------------------------------------------
     0 | D:1      | Kohma the Gargoyle Earth Elementalist began the quest for
                  | the Orb.
     0 | D:1      | Reached XP level 1. HP: 10/10 MP: 3/3
   188 | D:1      | Reached skill level 4 in Earth Magic
   188 | D:1      | Reached XP level 2. HP: 8/15 MP: 5/5
  1430 | D:2      | Reached XP level 3. HP: 12/19 MP: 6/6
  1550 | D:2      | Learned a level 2 spell: Passwall
  1554 | D:2      | Learned a level 3 spell: Stone Arrow
  1580 | D:2      | Noticed Sigmund
  1581 | D:2      | Found a shattered altar of Ashenzari.
  1594 | D:2      | Killed Sigmund
  1594 | D:2      | Reached skill level 6 in Earth Magic
  1594 | D:2      | Reached XP level 4. HP: 16/24 MP: 1/9
  1594 | D:2      | Reached XP level 5. HP: 18/28 MP: 1/10
  1607 | D:2      | Became a worshipper of Ashenzari the Shackled
  1936 | D:2      | Noticed Jessica
  1940 | D:2      | Killed Jessica
  2162 | D:2      | Noticed Terence
  2253 | D:2      | Killed Terence
  2253 | D:2      | Reached XP level 6. HP: 14/32 MP: 0/11
  2654 | D:2      | Found an iron altar of Okawaru.
  2763 | D:2      | Reached skill level 7 in Earth Magic
  2965 | D:2      | Learned a level 5 spell: Lee's Rapid Deconstruction
  4037 | D:4      | Reached skill level 1 in Conjurations
  4050 | D:3      | Reached XP level 7. HP: 12/36 MP: 0/13
  4367 | D:4      | Reached skill level 1 in Fighting
  4367 | D:4      | Reached skill level 1 in Transmutations
  4429 | D:4      | Reached skill level 8 in Earth Magic
  4558 | D:4      | Reached * piety under Ashenzari
  4892 | D:4      | Found a sacrificial altar of Ru.
  4924 | D:4      | Found a radiant altar of Vehumet.
  5147 | D:5      | Entered Level 5 of the Dungeon
  5152 | D:5      | Found Zin's Purification Station.
  5152 | D:5      | Found a glowing silver altar of Zin.
  5222 | D:5      | Found an ornate altar of the Wu Jian Council.
  5575 | D:5      | Reached XP level 8. HP: 44/47 MP: 0/14
  6285 | D:6      | Learned a level 4 spell: Petrify
  6444 | D:6      | Reached skill level 9 in Earth Magic
  6563 | D:6      | Reached skill level 5 in Fighting
  6667 | D:6      | Noticed Pikel
  6696 | D:6      | Killed Pikel
  6696 | D:6      | Reached skill level 10 in Earth Magic
  6696 | D:6      | Reached XP level 9. HP: 53/54 MP: 14/15
  6706 | D:6      | Found a staircase to the Ecumenical Temple.
  6821 | D:6      | Found a runed translucent door.
  6822 | D:6      | Identified the +5 mace of Valour {venom, *Drain rPois MR+}
  6822 | D:6      | Noticed Crazy Yiuf
  6830 | D:6      | Killed Crazy Yiuf
  6959 | D:6      | Found a glowing golden altar of the Shining One.
  7326 | D:7      | Found Ofur's Gadget Shoppe.
  7333 | D:7      | Reached ** piety under Ashenzari
  7357 | D:7      | Bought a wand of acid (9) for 286 gold pieces
  7368 | D:7      | Found Lelico Ifoi's Food Shop.
  7466 | D:7      | Found Wuir's Food Boutique.
  7603 | D:7      | Found Waps's Antique Weapon Boutique.
  7873 | D:8      | Noticed a two-headed ogre
  7885 | D:8      | Killed a two-headed ogre
  8159 | D:8      | Reached XP level 10. HP: 61/61 MP: 16/16
  8164 | D:8      | Reached skill level 5 in Shields
  8236 | D:8      | Found a sand-covered staircase.
  8245 | Ossuary  | Entered an ossuary
  8391 | Ossuary  | Slain by a mummy

Levels and vault maps discovered:
D:1:      psy_arrival_radial01, layout_loops_ring, st_stairs_11
D:2:      layout_basic, okawaru_altar_gauntlet_db, first_ration,
          hangedman_abyss_or_decor_lesser_grid, evilmike_ruin_ashenzari,
          uniq_terence, uniq_sigmund, uniq_jessica
D:3:      layout_loops_cross
D:4:      layout_cave_pools, vehumet_altar_wand_db, lemuel_doored_altar,
          gup_sewer_entry_spiral
D:5:      layout_loops_cross, zin_purify, old_standard_altar,
          minmay_stone_trees_small, kennysheep_generic_room_16
D:6:      layout_rooms, kennysheep_mini_moat, minmay_temple_entry_trees,
          corexii_shack, uniq_pikel, uniq_crazy_yiuf_cottage
D:7:      layout_cave_pods, serial_glass, glass_columns_a, glass_columns_a,
          serial_shops, shop, nicolae_shop_waterfront, kennysheep_little_box,
          nicolae_shop_waterfront
D:8:      layout_cave_pods, bloody_trog, due_lair_maze_entry_diamond,
          basic_altar, nicolae_ossuary_entry_ruins
Ossuary:  ossuary_tomb_3

Skill      XL: |  1  2  3  4  5  6  7  8  9 10 |
---------------+-------------------------------+-----
Earth Magic    | 4 6 7 8 10 | 10.6
Spellcasting   | 3 4 |  4.0
Conjurations   | 1 2 3 |  3.0
Fighting       | 3 5 6 |  6.3
Transmutations | 2 3 4 |  4.0
Dodging        | 3 |  3.2
Shields        | 4 6 |  6.3
Stealth        | |  2.1

Action                   |  1- 3 |  4- 6 |  7- 9 | 10-12 || total
-------------------------+-------+-------+-------+-------++-------
Melee: Dagger            |    94 |   110 |    63 |       ||   267
       Short sword       |       |       |   123 |       ||   123
       Mace              |       |       |     9 |    37 ||    46
Throw: Dart              |       |     7 |       |       ||     7
 Cast: Sandblast         |    11 |    14 |     3 |     4 ||    32
       Stone Arrow       |       |    44 |    91 |    12 ||   147
       Passwall          |       |     1 |       |       ||     1
       Lee's Rapid Decon |       |       |     6 |     3 ||     9
       Petrify           |       |       |     1 |       ||     1
Invok: Curse Item        |       |       |     2 |       ||     2
  Use: Scroll            |     8 |     1 |    12 |       ||    21
       Potion            |       |       |       |     1 ||     1
 Stab: Sleeping          |       |     1 |       |       ||     1
       Petrified         |       |       |     6 |       ||     6
  Eat: Chunk             |     2 |    12 |    20 |     2 ||    36
       Ration            |       |       |     1 |       ||     1
Armor: Robe              |    23 |    45 |    22 |       ||    90
       Leather armour    |       |       |    83 |    18 ||   101
Dodge: Dodged            |    63 |    85 |   137 |    24 ||   309

Table legend:
 A = Non-vault XP
 B = Vault XP
 C = Vault XP percentage of total XP
 D = Non-vault monster count
 E = Vault monster count
 F = Vault count percentage of total count
                 A         B        C        D         E       F
            +---------+---------+-------+---------+---------+-------
      Total |    3666 |    1565 |  29.9 |     134 |      39 |  22.5
            +---------+---------+-------+---------+---------+-------
        D:1 |      20 |      10 |  33.3 |      11 |       4 |  26.7
        D:2 |      27 |     318 |  92.2 |      14 |       9 |  39.1
        D:3 |     155 |       0 |   0.0 |      29 |       0 |   0.0
        D:4 |     389 |      21 |   5.1 |      15 |       8 |  34.8
        D:5 |     513 |     136 |  21.0 |      18 |       1 |   5.3
        D:6 |     594 |     715 |  54.6 |      17 |       3 |  15.0
        D:7 |     576 |       0 |   0.0 |      18 |       0 |   0.0
        D:8 |    1392 |     252 |  15.3 |      12 |       2 |  14.3
    Ossuary |       0 |     113 | 100.0 |       0 |      12 | 100.0
            +---------+---------+-------+---------+---------+-------
